 Dungeon Crawl Stone Soup version 0.20-a0-622-g01f5896 (webtiles) character file.

17308 PurpleRed the Ripper (level 12, -2/58 HPs)
             Began as a Felid Transmuter on Feb 8, 2017.
             Was an Elder of Ru.
             Killed from afar by an ice statue (12 damage)
             ... with a shard of ice
             ... in an ice cave on Feb 9, 2017.
             The game lasted 01:53:34 (28087 turns).

PurpleRed the Ripper (Felid Transmuter)            Turns: 28087, Time: 01:53:35

Health: -2/58      AC:  8    Str:  9    XL:     12   Next: 17%
Magic:  3/14       EV: 28    Int: 15    God:    Ru [****..]
Gold:   532        SH:  0    Dex: 21    Spells: 4/15 levels left
                                        Lives:  0   Deaths: 3

rFire    x x .     SeeInvis +     - Unarmed
rCold    + . .     Gourm    .   (armour unavailable)
rNeg     + . .     Faith    .   (shield unavailable)
rPois    .         Spirit   .   (helmet unavailable)
rElec    .         Reflect  .   (cloak unavailable)
rCorr    .         Harm     .   (gloves unavailable)
MR       +++..     Clarity  +   (boots unavailable)
Stlth    +++++.....             H - amulet of the Four Winds {rN+ MR+++ Clar}
Regen    0.2/turn               G - ring of ice
                                n - +3 ring of protection

@: mighty, exhausted, quick
A: no armour, no weapons or thrown items, stealth, claws 1, fangs 3, yellow
scales 1, see invisible, carnivore 3, speed 1, low mp 1, shaggy fur 3, slow
metabolism 1, weak 1, magic vulnerability 1, sharp paws, temperature sensitive
a: Sacrifice Essence, Sacrifice Stealth, Sacrifice Purity, Reject Sacrifices,
Draw Out Power, Power Leap, Renounce Religion


You were in an ice cave.
You worshipped Ru.
Ru was greatly pleased with you.
You were very full.

You visited 4 branches of the dungeon, and saw 17 of its levels.
You also visited: Sewer and Ice Cave.

You collected 1915 gold pieces.
You spent 1383 gold pieces at shops.

Inventory:

Missiles
 a - 413 arrows
Jewellery
 m - an uncursed ring of protection from magic
 n - a +3 ring of protection (left paw)
 v - an uncursed ring of positive energy
 G - a ring of ice (right paw)
 H - the amulet of the Four Winds (around neck) {rN+ MR+++ Clar}
   (You bought it in a shop on level 6 of the Dungeon)

   [amulet of nothing]

   It protects you from negative energy.
   It affects your resistance to hostile enchantments.
   It protects you against confusion.
 I - an uncursed ring of resist corrosion
Wands
 d - a wand of acid (2/15)
 r - a wand of lightning (0/15)
 s - a wand of lightning (9/15)
 t - a wand of polymorph (14/24)
 D - a wand of acid (6/15)
Scrolls
 e - 2 scrolls of remove curse
 h - 4 scrolls of teleportation
 k - a scroll of recharging
 q - 4 scrolls of blinking
 y - 2 scrolls of magic mapping
 A - 2 scrolls of amnesia
 F - 3 scrolls of identify
Potions
 f - 2 potions of brilliance
 g - a potion of mutation
 i - 6 potions of curing
 j - a potion of ambrosia
 l - 2 potions of haste
 u - 5 potions of lignification
 w - 2 potions of berserk rage
 C - a potion of heal wounds
 E - 2 potions of agility
Books
 b - a book of Changes

   Spells                             Type                      Level
   a - Beastly Appendage              Transmutation                1
   b - Sticks to Snakes               Transmutation                2
   c - Spider Form                    Transmutation/Poison         3
   d - Ice Form                       Ice/Transmutation            4
   e - Blade Hands                    Transmutation                5
 o - a book of Necromancy

   Spells                             Type                      Level
   a - Pain                           Necromancy                   1
   b - Animate Skeleton               Necromancy                   1
   c - Vampiric Draining              Necromancy                   3
   d - Regeneration                   Charms/Necromancy            3
   e - Animate Dead                   Necromancy                   4
   f - Control Undead                 Necromancy                   4
 p - a book of Minor Magic

   Spells                             Type                      Level
   a - Magic Dart                     Conjuration                  1
   b - Blink                          Translocation                2
   c - Call Imp                       Summoning                    2
   d - Slow                           Hexes                        2
   e - Conjure Flame                  Conjuration/Fire             3
   f - Mephitic Cloud                 Conjuration/Poison/Air       3
 K - a book of Transfigurations

   Spells                             Type                      Level
   a - Irradiate                      Conjuration/Transmutation    5
   b - Statue Form                    Transmutation/Earth          6
   c - Hydra Form                     Transmutation                6
   d - Dragon Form                    Transmutation                7
Miscellaneous
 B - a lightning rod (inert)
Comestibles
 c - 8 meat rations
 z - 3 royal jellies


   Skills:
 + Level 9.9 Fighting
 - Level 10.4 Dodging
 - Level 8.0 Stealth
 + Level 15.1 Unarmed Combat
 - Level 2.0 Spellcasting
 * Level 11.6 Transmutations


You had 4 spell levels left.
You knew the following spells:

 Your Spells              Type           Power        Failure   Level  Hunger
a - Beastly Appendage     Tmut           #####.       1%          1    #......
b - Sticks to Snakes      Tmut           #####...     1%          2    ###....
c - Spider Form           Tmut/Pois      ###.......   10%         3    ###....
d - Blade Hands           Tmut           #####.....   6%          5    ######.


Dungeon Overview and Level Annotations

Branches:
Dungeon (12/15)            Temple (1/1) D:5            Lair (2/6) D:11
    Orc (2/2) D:12            Elf (0/3) Orc:2
  Swamp: Lair:2-4    Shoals: Lair:2-4     Snake: Lair:2-4    Spider: Lair:2-4

Altars:
Ashenzari
Cheibriados
Dithmenos
Elyvilon
Fedhas
Gozag
Hepliaklqana
Kikubaaqudgha
Makhleb
Nemelex Xobeh
Okawaru
Qazlal
Ru
Sif Muna
Trog
Uskayaw
Vehumet
Xom
Yredelemnul
Zin
The Shining One
Beogh

Shops:
D:6 (**=   D:12 ?   Orc:2 ([:!

Annotations:
IceCv exclusion: 2 ice statues, myxocpahck's ghost, journeyman DrEE


Innate Abilities, Weirdness & Mutations

You cannot wear armour.
You are incapable of wielding weapons or throwing items.
Your paws allow you to move quietly. (Stealth)
You have sharp claws.
You have razor-sharp teeth.
You have supernaturally acute eyesight. (SInv)
You are carnivorous and can eat meat at any time.
You cover ground quickly.
Your thick and shaggy fur keeps you warm. (AC +3, rC+)
You have a slow metabolism.
You are slightly vulnerable to magic. (MR-)
Your sharp claws are effective at attacking unaware monsters.
You are sensitive to extremes of temperature. (rF-, rC-)
You are partially covered in yellow scales. (AC +2)
Your magical capacity is low. (-10% MP)
You are weak. (Str -2)


Message History

The ice statue is moderately damaged.
The ice beast completely misses you.
You closely miss the white ugly thing.
The white ugly thing completely misses you.
The ice beast completely misses you.
You closely miss the white ugly thing.
The ice statue gestures.
The white ugly thing completely misses you.
You barely miss the white ugly thing. The ice beast hits you.
The ice beast freezes you. You resist. The ice statue gestures at you.
The freezing blast misses you. The ice statue gestures at you.
The shard of ice hits you! You partially resist.
The ice statue gestures.
The ice statue gestures at you. The bolt of cold hits you! You resist.
* * * LOW HITPOINT WARNING * * *
The ice statue gestures at you. The shard of ice hits you!
You partially resist.
You die...

#...........#
#...........#
##...........#
#.............#
#....8...8....#
#....YY$......#
##...Yu.$....##
#...8.|.8...#
##...@.[...##
###########


You could see 2 ice statues, a white ugly thing and 3 ice beasts.

Vanquished Creatures
  A hydra (Lair:1)
  4 two-headed ogres
  4 orc high priests
  The ghost of AlphabetPasta the Cleaver, a novice VSBe of Trog (D:9)
  4 orc knights (Orc:1)
  Pikel (D:8)
  An oklob plant (Lair:1)
  7 orc sorcerers
  An ugly thing (D:11)
  Joseph (D:10)
  Maurice (D:9)
  2 spiny frogs (Lair:1)
  A black mamba (Lair:2)
  2 komodo dragons
  A troll (D:12)
  The ghost of plsesad the Shield-Bearer, an amateur FoFi (D:7)
  4 slime creatures (D:12)
  3 blink frogs (Lair:2)
  6 hippogriffs
  The ghost of skewfiend the Conjurer, an amateur DECj (D:4)
  A wraith (D:11)
  6 yaks
  A shadow (D:11)
  Sigmund (D:3)
  A wyvern (D:11)
  Grum (D:11)
  A hungry ghost (D:12)
  3 vampire mosquitoes (D:12)
  7 wargs
  A porcupine (Lair:2)
  2 water moccasins
  3 ice beasts
  4 sky beasts
  Purgy (Sewer)
  30 orc warriors
  3 slaves
  2 black bears
  3 phantoms
  2 necrophages (D:11)
  14 ogres
  4 wolves (D:11)
  12 centaurs
  2 crocodiles (D:11)
  The ghost of deskach the Conjurer, an amateur DECj (D:3)
  A gnoll sergeant (D:6)
  13 bullfrogs
  A wyvern zombie (D:11)
  4 scorpions
  A wyvern skeleton (D:11)
  6 killer bees (D:10)
  11 wights
  4 howler monkeys
  A centaur zombie (D:9)
  9 crimson imps
  2 bullfrog zombies
  23 orc priests
  Crazy Yiuf (D:3)
  13 hounds
  2 jellies
  29 orc wizards
  Ijyb (D:3)
  Natasha (D:2)
  11 worker ants
  6 iguanas
  A hound zombie (D:5)
  Robin (D:2)
  4 gnolls
  14 adders
  3 shadow imps
  An adder zombie (D:8)
  2 adder skeletons
  4 worms
  9 leopard geckos
  97 orcs
  14 bats
  A bat zombie (D:5)
  10 giant cockroaches
  9 hobgoblins
  9 jackals
  14 kobolds
  6 quokkas
  2 ball pythons (D:3)
  6 frilled lizards
  17 goblins
  A quokka skeleton (D:4)
  9 rats
  A rat zombie (D:5)
  A plant (Lair:1)
529 creatures vanquished.

Vanquished Creatures (collateral kills)
  Urug (D:11)
  An orc knight (Orc:1)
  A troll (D:10)
  A slave (D:8)
  2 ogres
  A wight (D:11)
  A howler monkey (D:4)
  A howler monkey skeleton (D:4)
  A gnoll (D:6)
  An adder (D:4)
  A goblin (D:2)
  2 jackals (D:4)
14 creatures vanquished.

Vanquished Creatures (others)
  A troll (Orc:1)
  An orc priest (Orc:2)
  An orc wizard (Orc:1)
  A hobgoblin (D:3)
  A plant (Lair:2)
5 creatures vanquished.

Grand Total: 548 creatures vanquished

Notes
Turn   | Place    | Note
-------+----------+-------------------------------------------
     0 | D:1      | PurpleRed the Felid Transmuter began the quest for the Orb.
     0 | D:1      | Reached XP level 1. HP: 9/9 MP: 4/4
   328 | D:1      | Reached XP level 2. HP: 12/12 MP: 4/6
   730 | D:1      | Reached XP level 3. HP: 16/16 MP: 5/7
  1279 | D:1      | Learned a level 2 spell: Sticks to Snakes
  1283 | D:1      | Learned a level 3 spell: Spider Form
  1728 | D:2      | Reached skill level 4 in Unarmed Combat
  1886 | D:2      | Noticed Robin
  1918 | D:2      | Killed Robin
  2553 | D:2      | Reached XP level 4. HP: 19/19 MP: 6/8
  2994 | D:2      | Noticed Natasha
  3009 | D:2      | Killed Natasha
  3105 | D:3      | Noticed Ijyb
  3112 | D:3      | Noticed deskach's ghost (amateur DECj)
  3327 | D:3      | Gained mutation: You are partially covered in yellow scales. (AC +2) [potion of mutation]
  3327 | D:3      | Gained mutation: Your magical capacity is low. (-10% MP) [potion of mutation]
  3327 | D:3      | Gained mutation: You are weak. (Str -2) [potion of mutation]
  3357 | D:3      | Found a runed door.
  3436 | D:3      | Noticed Sigmund
  3687 | D:3      | Reached XP level 5. HP: 23/24 MP: 6/8
  3713 | D:3      | Killed Ijyb
  3928 | D:3      | Slain by Sigmund
  3929 | D:3      | Reached XP level 4. HP: -3/21 MP: 1/7
  3966 | D:3      | Reached skill level 1 in Stealth
  4025 | D:4      | Reached XP level 5. HP: 16/24 MP: 5/8
  4198 | D:4      | Reached skill level 5 in Unarmed Combat
  4801 | D:4      | Noticed skewfiend's ghost (amateur DECj)
  4959 | D:4      | Gained mutation: You are covered in thick fur. (AC +2) [Felid growth]
  4959 | D:4      | Reached XP level 6. HP: 19/28 MP: 9/9
  5239 | D:5      | Entered Level 5 of the Dungeon
  5239 | D:5      | Noticed an ice beast
  5394 | D:5      | Killed an ice beast
  5440 | D:5      | Reached skill level 6 in Unarmed Combat
  5495 | D:5      | Found a staircase to the Ecumenical Temple.
  5501 | Temple   | Entered the Ecumenical Temple
  6268 | D:5      | Reached XP level 7. HP: 29/31 MP: 8/10
  6404 | D:5      | Found an ancient bone altar of Kikubaaqudgha.
  6515 | D:6      | Found a glowing drain.
  6550 | Sewer    | Entered a sewer
  6667 | Sewer    | Noticed Purgy
  6669 | Sewer    | Killed Purgy
  6707 | D:6      | Found Biohik's General Store.
  6720 | D:6      | Bought a scroll of identify for 22 gold pieces
  6725 | D:6      | Found a sacrificial altar of Ru.
  6741 | D:6      | Reached skill level 5 in Stealth
  6755 | D:6      | Became a worshipper of Ru the Awakened
  6768 | D:6      | Reached skill level 7 in Unarmed Combat
  7800 | D:6      | Reached skill level 8 in Unarmed Combat
  7800 | D:6      | Reached XP level 8. HP: 27/34 MP: 6/10
  8521 | D:6      | Found a hide-covered altar of Uskayaw.
  8557 | D:6      | Found Cuow's Jewellery Shoppe.
  8788 | D:6      | Found Xalaatyno's General Store.
  8791 | D:6      | Bought a potion of might for 56 gold pieces
  8852 | D:6      | Found Byab Apn's Antique Weapon Shop.
  8878 | D:6      | Reached skill level 9 in Unarmed Combat
  9092 | D:7      | Noticed plsesad's ghost (amateur FoFi)
  9197 | D:6      | Learned a level 5 spell: Blade Hands
  9347 | D:3      | Killed Sigmund
  9347 | D:3      | Reached XP level 9. HP: 17/39 MP: 8/11
  9607 | D:3      | Found a deep blue altar of Sif Muna.
  9676 | D:3      | Noticed Crazy Yiuf
  9694 | D:3      | Killed Crazy Yiuf
  9921 | D:3      | Killed deskach's ghost
 10341 | D:4      | Killed skewfiend's ghost
 10341 | D:4      | Reached skill level 10 in Unarmed Combat
 10808 | D:7      | Found a sacrificial altar of Ru.
 10811 | D:7      | Found a white marble altar of Elyvilon.
 10894 | D:7      | Found a basalt altar of Yredelemnul.
 10897 | D:7      | Found a sparkling altar of Nemelex Xobeh.
 11102 | D:7      | Reached skill level 5 in Fighting
 11148 | D:7      | Killed plsesad's ghost
 11893 | D:7      | Reached skill level 11 in Unarmed Combat
 12233 | D:8      | Reached skill level 5 in Transmutations
 12364 | D:8      | Noticed Pikel
 12728 | D:8      | Killed Pikel
 12742 | D:8      | Reached XP level 10. HP: 20/45 MP: 3/12
 13355 | D:9      | Found a basalt altar of Yredelemnul.
 13789 | D:9      | Found a hazy altar of Hepliaklqana.
 13789 | D:9      | Found a burning altar of Makhleb.
 13970 | D:9      | Noticed AlphabetPasta's ghost (novice VSBe)
 14007 | D:9      | Killed AlphabetPasta's ghost
 14304 | D:9      | Noticed a two-headed ogre
 14327 | D:9      | HP: 1/45 [two-headed ogre/giant club (29)]
 14352 | D:9      | Killed a two-headed ogre
 14643 | D:9      | Noticed Maurice
 14711 | D:9      | Killed Maurice
 14764 | D:9      | Reached skill level 10 in Transmutations
 14825 | D:10     | Entered Level 10 of the Dungeon
 15590 | D:10     | Noticed Joseph
 15601 | D:10     | Killed Joseph
 15679 | D:11     | Noticed a two-headed ogre
 15682 | D:11     | Killed a two-headed ogre
 15682 | D:11     | Reached XP level 11. HP: 48/48 MP: 13/13
 15985 | D:11     | Noticed a brown ugly thing
 15990 | D:11     | Killed a brown ugly thing
 16022 | D:11     | Noticed Urug
 16056 | D:11     | Killed Urug
 16297 | D:11     | Found a staircase to the Lair.
 16530 | D:11     | Reached skill level 12 in Unarmed Combat
 16617 | D:11     | Noticed Grum
 16728 | D:11     | Reached skill level 5 in Dodging
 16832 | D:11     | Killed Grum
 18025 | D:11     | Noticed a death knight
 19094 | D:11     | Noticed a two-headed ogre
 19101 | D:11     | Noticed a two-headed ogre
 19133 | D:10     | Killed a two-headed ogre
 19904 | D:11     | Reached skill level 13 in Unarmed Combat
 20219 | D:11     | Demolished by a death knight
 20220 | D:11     | Reached XP level 10. HP: -20/47 MP: 5/12
 20504 | D:12     | Reached XP level 11. HP: 50/50 MP: 8/13
 21002 | D:12     | Found Viconn's Magic Scroll Shop.
 21016 | D:12     | Bought a scroll of teleportation for 42 gold pieces
 21081 | D:12     | Noticed a two-headed ogre
 21091 | D:12     | Killed a two-headed ogre
 21652 | D:12     | Found a staircase to the Orcish Mines.
 21668 | Orc:1    | Entered Level 1 of the Orcish Mines
 21745 | Orc:1    | Noticed an orc sorcerer
 21746 | Orc:1    | Noticed an orc sorcerer
 21860 | Orc:1    | Killed an orc sorcerer
 21942 | Orc:1    | Noticed an orc sorcerer
 21954 | Orc:1    | Found a runed door.
 21958 | Orc:1    | Noticed an orc high priest
 21972 | Orc:1    | Noticed a soul eater
 21972 | Orc:1    | Killed an orc high priest
 21980 | Orc:1    | Killed an orc sorcerer
 22052 | Orc:1    | Killed an orc sorcerer
 22140 | Orc:1    | Reached skill level 14 in Unarmed Combat
 22152 | Orc:1    | Gained mutation: You are sensitive to extremes of temperature. (rF-, rC-) [Ru sacrifice]
 22152 | Orc:1    | Reached * piety under Ru
 22152 | Orc:1    | Reached ** piety under Ru
 22152 | Orc:1    | Reached *** piety under Ru
 22761 | Orc:1    | Noticed an orc knight
 22802 | Orc:1    | Killed an orc knight
 22979 | Orc:1    | Found a roughly hewn altar of Beogh.
 23153 | D:6      | Bought a book of Transfigurations for 605 gold pieces
 23256 | Orc:2    | Entered Level 2 of the Orcish Mines
 23267 | Orc:2    | Noticed an orc knight
 23349 | Orc:1    | Killed an orc knight
 23349 | Orc:1    | Gained mutation: Your thick and shaggy fur keeps you warm. (AC +3, rC+) [Felid growth]
 23349 | Orc:1    | Reached XP level 12. HP: 16/56 MP: 10/14
 23875 | Orc:2    | Found a staircase to the Elven Halls.
 24478 | Orc:2    | Noticed an orc high priest
 24484 | Orc:2    | Paralysed by an orc sorcerer for 3 turns
 24661 | Orc:1    | Reached skill level 10 in Dodging
 24925 | Orc:1    | Killed an orc high priest
 25794 | Orc:2    | Noticed an orc high priest
 25820 | Orc:2    | Mangled by a sixfirhy
 25821 | Orc:2    | Reached XP level 11. HP: -6/53 MP: 12/13
 25848 | Orc:2    | Killed an orc high priest
 25868 | Orc:2    | Noticed an orc knight
 26064 | Orc:1    | Killed an orc knight
 26110 | Orc:1    | Killed an orc knight
 26355 | Orc:2    | Noticed an orc high priest
 26585 | Orc:2    | Noticed a sun demon
 26586 | Orc:2    | Killed an orc high priest
 26603 | Orc:2    | Gained mutation: You are slightly vulnerable to magic. (MR-) [Ru sacrifice]
 26603 | Orc:2    | Reached **** piety under Ru
 26613 | Orc:2    | Noticed an orc sorcerer
 26626 | Orc:2    | Noticed a sixfirhy
 26627 | Orc:2    | Killed an orc sorcerer
 26628 | Orc:2    | Found Omoc's Distillery.
 26628 | Orc:2    | Found Gohahuil's Antique Weapon Shop.
 26630 | Orc:2    | Found Eklo Waar's Book Shoppe.
 26630 | Orc:2    | Found Pyrhoum's Antique Armour Shop.
 26646 | Orc:2    | Upgraded the game from 0.20-a0-613-g92415a4 to 0.20-a0-622-g01f5896
 26796 | D:6      | Bought the amulet of the Four Winds {rN+ MR+++ Clar} for 658 gold pieces
 26901 | Lair:1   | Entered Level 1 of the Lair of Beasts
 26992 | Lair:1   | Noticed a seven-headed hydra
 27036 | Lair:1   | Killed a seven-headed hydra
 27036 | Lair:1   | Reached skill level 15 in Unarmed Combat
 27158 | Lair:1   | Noticed an oklob plant
 27577 | Lair:1   | Killed an oklob plant
 27577 | Lair:1   | Reached XP level 12. HP: 58/58 MP: 9/14
 27620 | Lair:2   | Noticed a six-headed hydra
 28013 | Lair:2   | Found a frozen archway.
 28065 | IceCv    | Entered an ice cave
 28065 | IceCv    | Noticed myxocpahck's ghost (journeyman DrEE)
 28087 | IceCv    | Killed from afar by an ice statue

Vault maps used:
D:1:      mushboom_english_gardens, minmay_split_cup_small
D:2:      first_bread, hangedman_decor_opposing, uniq_robin, uniq_natasha
D:3:      lemuel_blue_sif_altar, uniq_iyjb, uniq_crazy_yiuf_cottage,
          uniq_sigmund
D:4:      kennysheep_generic_room_11
D:5:      lemuel_zombie_altar_kikubaaqudgha, temple_green
D:6:      overflow_temple_1_default, serial_shops, kennysheep_mini, shop, shop,
          shop, portal_sewer_entry_f, nicolae_ru_great_annihilating_truth
D:7:      grunt_temple_overflow_cloverleaf
D:8:      uniq_pikel
D:9:      gammafunk_temple_overflow_pools, basic_altar, uniq_maurice
D:10:     uniq_joseph
D:11:     cheibrodos_helix_gallery, erik_lair_orcish_takeover,
          onia_ninara_cookie, uniq_grum, uniq_urug
D:12:     david_orc_4, serial_shops, kennysheep_little_box
Temple:   minmay_temple_forest_path
Lair:1:   grunt_megastairs_5, minmay_lair_oklob_chamber
Lair:2:   portal_ice_cave_entry_ice_beasts, basic_altar, serial_bayou_shore_a
Orc:1:    lightli_church_of_beogh
Orc:2:    grunt_orc_tribal_feast
Sewer:    kennysheep_door_sewer
IceCv:    ice_cave_statue_garden_teleport

Skill      XL: |  1  2  3  4  5  6  7  8  9 10 11 12 |
---------------+-------------------------------------+-----
Unarmed Combat | 4 5 6 8 9 11 15 | 15.1
Fighting       | 2 3 5 6 8 9 |  9.9
Transmutations | 3 4 5 10 11 | 11.6
Stealth        | 1 2 4 6 8 |  8.0
Dodging        | 3 9 10 | 10.4
Spellcasting   | |  2.0

Action                   |  1- 3 |  4- 6 |  7- 9 | 10-12 || total
-------------------------+-------+-------+-------+-------++-------
Melee: Unarmed           |   117 |   258 |   500 |  1090 ||  1965
       Headbutt          |    11 |    30 |    61 |    12 ||   114
       Punch             |     1 |     4 |    15 |    52 ||    72
       Bite              |     4 |    17 |    63 |   100 ||   184
 Cast: Beastly Appendage |    27 |    37 |    57 |    10 ||   131
       Spider Form       |     3 |     5 |     2 |       ||    10
       Sticks to Snakes  |     2 |    13 |    36 |    25 ||    76
       Blade Hands       |       |       |       |    99 ||    99
Invok: Reject Sacrifices |       |       |     1 |       ||     1
       Sacrifice Essence |       |       |       |     1 ||     1
       Sacrifice Resista |       |       |       |     1 ||     1
       Power Leap        |       |       |       |     2 ||     2
       Draw Out Power    |       |       |       |     1 ||     1
 Abil: End Transformatio |       |       |       |     4 ||     4
Evoke: Wand              |       |       |       |     4 ||     4
       Lightning rod     |       |       |       |     4 ||     4
  Use: Scroll            |       |    11 |     6 |    14 ||    31
       Potion            |       |     2 |     4 |     4 ||    10
 Stab: Sleeping          |     8 |     5 |    12 |    21 ||    46
       Distracted        |       |     2 |    11 |     8 ||    21
       Paralysed         |       |       |     1 |       ||     1
       Invisible         |       |       |       |     1 ||     1
  Eat: Chunk             |    12 |    15 |    16 |    86 ||   129
Armor: Skin              |     3 |    25 |    58 |    92 ||   178
Dodge: Dodged            |    83 |   163 |   278 |   817 ||  1341
